 Dungeon Crawl Stone Soup version 0.22.0 (webtiles) character file.

66 BigChef the Slasher (level 3, 0/29 HPs)
             Began as a Demonspawn Chaos Knight on Aug 23, 2018.
             Hit by a tomahawk thrown by an orc (7 damage)
             ... on level 3 of the Dungeon.
             The game lasted 00:04:02 (1938 turns).

BigChef the Slasher (Demonspawn Chaos Knight)       Turns: 1938, Time: 00:04:02

Health: 0/29       AC:  8    Str: 13    XL:     3   Next: 96%
Magic:  3/3        EV: 11    Int: 13    God:    Xom [..*...]
Gold:   121        SH:  0    Dex: 12    Spells: 2/2 levels left

rFire    . . .     SeeInvis .   a - +0 falchion (chaos)
rCold    . . .     Gourm    .   (no shield)
rNeg     . . .     Faith    .   b - +2 leather armour
rPois    .         Spirit   .   g - +1 hat
rElec    .         Reflect  .   (no cloak)
rCorr    .         Harm     .   (no gloves)
MR       .....                  (no boots)
Stlth    ++........             (no amulet)
HPRegen  0.09/turn              (no ring)
MPRegen  0.08/turn              (no ring)

@: no status effects
A: molten scales 1, powered by pain 1
a: Renounce Religion


You were on level 3 of the Dungeon.
You worshipped Xom.
You were a toy of Xom.
You were not hungry.

You visited 1 branch of the dungeon, and saw 3 of its levels.

You collected 121 gold pieces.

Inventory:

Hand Weapons
 a - a +0 falchion of chaos (weapon)
Armour
 b - a +2 leather armour (worn)
 g - a +1 hat (worn)
Scrolls
 d - 4 scrolls of identify {unknown}
 f - a scroll of enchant armour {unknown}
 h - a scroll of random uselessness {unknown}
 k - a scroll of teleportation {unknown}
Potions
 e - a potion of lignification {unknown}
 i - a potion of flight {unknown}
 j - 2 potions of curing {unknown}
Comestibles
 c - 4 rations


   Skills:
 + Level 3.4 Fighting
 + Level 3.5 Long Blades
 + Level 1.8 Armour
 + Level 1.2 Dodging
 + Level 1.6 Stealth


You had 2 spell levels left.
You didn't know any spells.
Your spell library was empty.

Dungeon Overview and Level Annotations

Branches:
Dungeon (3/15)

Altars:
Nemelex Xobeh
Vehumet


Innate Abilities, Weirdness & Mutations

You are partially covered in molten scales. (AC +2)
You sometimes gain a little power by taking damage.


Message History

The orc is severely wounded.
The orc hits you with a flail.
You hit the orc but do no damage.
The orc is severely wounded.
You barely miss the orc.
The orc is severely wounded.
The orc hits you with a flail.
You barely miss the orc.
The orc is severely wounded.
The orc closely misses you.
You riposte.
You closely miss the orc.
The orc is severely wounded.
You completely miss the orc.
The orc is severely wounded.
The orc hits you with a flail.
* * * LOW HITPOINT WARNING * * *
You barely miss the orc.
The orc is severely wounded.
The orc throws a tomahawk.
The tomahawk hits you!
You die...
Xom yawns loudly!

.......%##......
#.......#....(..
.....".?........
......((......).
#......(........
#......((.......
##.....#o#...#.
##...##(#####
##..
#@o########..
#.. ##..........
#.. #.)....## ..
#.....## #.
#.....# #.....#
#.....# #.....#
#.....#


You could see 2 orcs.

Vanquished Creatures
  2 oozes
  2 worms (D:2)
  3 dart slugs
  2 leopard geckos
  5 orcs
  6 bats
  2 giant cockroaches (D:2)
  3 goblins (D:1)
  2 hobgoblins
  4 kobolds
  3 frilled lizards
  8 rats
42 creatures vanquished.

Vanquished Creatures (others)
  A dart slug (D:3)
  An orc (D:3)
  A goblin (D:3)
  A hobgoblin (D:2)
4 creatures vanquished.

Grand Total: 46 creatures vanquished

Notes
Turn   | Place    | Note
-------+----------+-------------------------------------------
     0 | D:1      | BigChef the Demonspawn Chaos Knight began the quest for the Orb.
     0 | D:1      | Reached XP level 1. HP: 18/18 MP: 1/1
   223 | D:1      | Gained mutation: You sometimes gain a little power by taking damage. [demonic ancestry]
   223 | D:1      | Reached XP level 2. HP: 24/24 MP: 2/2
   342 | D:1      | Reached skill level 1 in Stealth
   370 | D:1      | XOM: harmless Chrm miscast
   405 | D:1      | Reached skill level 1 in Dodging
   499 | D:1      | XOM: divination: detect creatures
   675 | D:2      | Gained mutation: You are partially covered in molten scales. (AC +2) [demonic ancestry]
   675 | D:2      | Reached XP level 3. HP: 24/29 MP: 3/3
   711 | D:2      | XOM: divination: magic mapping
   826 | D:2      | Found a radiant altar of Vehumet.
   827 | D:2      | Found a sparkling altar of Nemelex Xobeh.
  1094 | D:2      | Found a sparkling altar of Nemelex Xobeh.
  1146 | D:2      | XOM: noise
  1586 | D:3      | XOM: smoke on damage
  1798 | D:3      | XOM: summons 1 hostile demon
  1917 | D:3      | XOM: medium Air miscast
  1938 | D:3      | Hit by a tomahawk thrown by an orc

Skill      XL: |  1  2 |
---------------+-------+-----
Long Blades    | 3 |  3.5
Stealth        | 1 |  1.6
Dodging        | 1 |  1.2
Fighting       | |  3.4
Armour         | |  1.8

Action                   || total
-------------------------++-------
Melee: Falchion          ||   134
 Stab: Sleeping          ||     5
       Paralysed         ||     2
  Eat: Ration            ||     2
Armor: Leather armour    ||    57
Dodge: Dodged            ||    83
       Rpst.: Falchion   ||    24
